 Dungeon Crawl Stone Soup version 0.29-a0-330-g52719c12eb (webtiles) character file.

Game seed: 16877336407292367505

216 DavidChitty2 the Chopper (level 5, -1/47 HPs)
             Began as a Hill Orc Fighter on Apr 26, 2022.
             Slain by a black bear (6 damage)
             ... on level 4 of the Dungeon.
             The game lasted 00:03:54 (3686 turns).

DavidChitty2 the Chopper (Hill Orc Fighter)         Turns: 3686, Time: 00:03:54

Health: -1/47      AC:  9    Str: 21    XL:     5   Next: 93%
Magic:  5/5        EV:  7    Int:  8    God:
Gold:   79         SH:  4    Dex: 10    Spells: 4/4 levels left

rFire   . . .      SeeInvis .   a - +0 war axe
rCold   . . .      Faith    .   c - +0 buckler
rNeg    . . .      Spirit   .   x - +0 chain mail
rPois   .          Reflect  .   (no helmet)
rElec   .          Harm     .   (no cloak)
rCorr   .          Rampage  .   (no gloves)
Will    .....                   (no boots)
Stlth   ..........              (no amulet)
HPRegen 0.15/turn               (no ring)
MPRegen 0.09/turn               (no ring)

@: no status effects
A: no striking features
a: no special abilities


You were on level 4 of the Dungeon.
You visited 1 branch of the dungeon, and saw 4 of its levels.

You collected 79 gold pieces.

Inventory:

Hand Weapons
 a - a +0 war axe (weapon)
 o - the +6 dagger of Noon {vorpal, *Noise rC+ Int+5}
   (You found it on level 2 of the Dungeon)

   It inflicts extra damage upon your enemies.
   Int:       It affects your intelligence (+5).
   rC:        It protects you from cold.
   *Noise:    It may make noises in combat.
Armour
 b - a +0 chain mail
   (You took it off an orc on level 4 of the Dungeon)
 c - a +0 buckler (worn)
 j - a +0 ring mail
   (You found it on level 4 of the Dungeon)
 l - an orb of wrath
   (You found it on level 1 of the Dungeon)
 x - a +0 chain mail (worn)
   (You took it off an orc on level 3 of the Dungeon)
Wands
 v - a wand of digging (7)
   (You took it off Jessica on level 2 of the Dungeon)
Scrolls
 e - 3 scrolls of identify {unknown}
 h - a scroll of enchant armour {unknown}
 i - 2 scrolls of brand weapon {unknown}
 k - a scroll of fear {unknown}
 p - a scroll of vulnerability {unknown}
 r - a scroll of blinking {unknown}
Potions
 d - a potion of might
 f - a potion of magic {unknown}
 g - a potion of ambrosia {unknown}
 m - a potion of brilliance {unknown}
 q - 2 potions of attraction {unknown}
 s - a potion of degeneration {unknown}
 z - 2 potions of cancellation {unknown}
 A - a potion of berserk rage {unknown}


   Skills:
 + Level 4.7 Fighting
 * Level 5.3 Axes
 + Level 4.2 Armour
 + Level 4.3 Shields


You had 4 spell levels left.
You didn't know any spells.
Your spell library contained the following spells:

 Spells                   Type           Power      Damage    Failure   Level
 Foxfire                  Conj/Fire      0%         2x1d4     99%         1
 Blink                    Tloc           0%         N/A       100%        2
 Conjure Flame            Conj/Fire      0%         6-21      100%        3
 Inner Flame              Hex/Fire       0%         N/A       100%        3
 Lesser Beckoning         Tloc           0%         N/A       100%        3
 Flame Wave               Conj/Fire      0%         2d4       100%        4
 Manifold Assault         Tloc           0%         N/A       100%        5


Dungeon Overview and Level Annotations

Branches:
Dungeon (4/15)
 Temple: D:4-7

Altars:
Wu Jian
Yredelemnul


Message History

You slash the black bear! The black bear bites you.
The black bear claws you but does no damage. x2
The black bear bites you.
The black bear claws you but does no damage.
The black bear claws you.
* * * LOW HITPOINT WARNING * * *
The black bear attacks as you move away!
The black bear bites you but does no damage.
You block the black bear's attack.
The black bear claws you but does no damage.
You barely miss the black bear. You block the black bear's attack.
The black bear barely misses you.
The black bear claws you but does no damage.
You barely miss the black bear. The black bear barely misses you.
The black bear claws you but does no damage.
The black bear barely misses you.
You barely miss the black bear. The black bear bites you.
* * * LOW HITPOINT WARNING * * *
The black bear claws you but does no damage. x2
You closely miss the black bear.
The black bear bites you but does no damage.
The black bear claws you but does no damage.
The black bear barely misses you.
The black bear bites you but does no damage.
The black bear claws you but does no damage.
You block the black bear's attack.
You slash the black bear!
The black bear goes berserk!
You barely miss the black bear.
The black bear bites you but does no damage.
The black bear barely misses you.
The black bear claws you but does no damage.
The black bear bites you but does no damage.
The black bear closely misses you.
The black bear claws you but does no damage.
You hit the black bear. The black bear bites you.
* * * LOW HITPOINT WARNING * * *
The black bear closely misses you.
The black bear claws you but does no damage.
The black bear barely misses you. The black bear claws you.
* * * LOW HITPOINT WARNING * * *
The black bear barely misses you.
Unknown command.
You barely miss the black bear. The black bear bites you.
* * * LOW HITPOINT WARNING * * *
You block the black bear's attack.
The black bear claws you but does no damage.
The black bear bites you.
* * * LOW HITPOINT WARNING * * *
The black bear claws you.
You die...

...#....# #.# #.#.####
...##...#####.## #.#.##
...........)...# #..#.##
<#............## ##.###.##
####..#.#####.# #.## ##..
......#.# #.#### ##.###.##
###...#.# #....#### ##.#.###
##....#.########....# ##.###.
................@...# ####.....
##...##########.h...#####........
###.# #..#...........##.# #.#
#..#..#####.##.##.# #.#
.>....##.......##.# ...
........#.##.##.##.( .#
.##..##..# #.##.##.# .. #..# .#
#.......# .. .... ###.....#


You could see a black bear (berserk).

Vanquished Creatures
  A bullfrog (D:4)
  Jessica (D:2)
  An orc wizard (D:4)
  3 adders
  A dart slug (D:4)
  7 orcs
  6 endoplasms
  2 giant cockroaches
  6 goblins
  2 hobgoblins
  3 jackals (D:2)
  6 kobolds
  6 quokkas
  5 ball pythons
  3 bats
  2 frilled lizards (D:1)
  A rat (D:3)
56 creatures vanquished.

Notes
Turn   | Place    | Note
-------+----------+-------------------------------------------
     0 | D:1      | DavidChitty2 the Hill Orc Fighter began the quest for the
                  | Orb.
     0 | D:1      | Reached XP level 1. HP: 19/19 MP: 1/1
   144 | D:1      | Reached skill level 3 in Axes
   270 | D:1      | Reached XP level 2. HP: 20/27 MP: 2/2
  1487 | D:2      | Identified the +6 dagger of Noon {vorpal, *Noise rC+ Int+5}
  1493 | D:2      | Reached XP level 3. HP: 33/33 MP: 3/3
  2032 | D:2      | Noticed Jessica
  2044 | D:2      | Killed Jessica
  2045 | D:2      | Reached skill level 4 in Axes
  2045 | D:2      | Reached XP level 4. HP: 29/37 MP: 4/4
  2457 | D:3      | Found a faded altar of an unknown god.
  2818 | D:3      | Found a basalt altar of Yredelemnul.
  2830 | D:3      | Found an ornate altar of the Wu Jian Council.
  3249 | D:4      | Reached XP level 5. HP: 28/47 MP: 5/5
  3542 | D:4      | Reached skill level 5 in Axes
  3667 | D:4      | Noticed a black bear
  3686 | D:4      | Slain by a black bear

Illustrated notes

Levels and vault maps discovered:
D:1:      dpeg_arrival_tiny_c, layout_loops_corners
D:2:      layout_loops_corners, minmay_tall_x, uniq_jessica
D:3:      layout_basic, grunt_temple_overflow_open, basic_ecumenical_altar,
          kennysheep_generic_room_9
D:4:      layout_loops_ring, lemuel_crystal_altar

Skill      XL: |  1  2  3  4  5 |
---------------+----------------+-----
Axes           | 3 4 5 |  5.3
Fighting       | 4 |  4.7
Armour         | 4 |  4.2
Shields        | 4 |  4.3

Action                   |  1- 3 |  4- 6 || total
-------------------------+-------+-------++-------
Melee: War axe           |    71 |   129 ||   200
Armor: Scale mail        |    30 |    50 ||    80
       Chain mail        |       |    33 ||    33
Dodge: Dodged            |    34 |    63 ||    97
Block: Buckler           |    20 |    30 ||    50

Table legend: (Time is in decaauts)
 A = Elapsed time spent in this place.
 B = Non-inter-level travel time spent in this place.
 C = Inter-level travel time spent in this place.
 D = Time resting spent in this place.
 E = Time spent auto-exploring this place.
 F = Levels seen in this place.
 G = Mean time per level.
                   A        B        C        D        E       F      G
               +--------+--------+--------+--------+--------+-----+--------+
         Total |   3754 |   3657 |     97 |    698 |   2412 |   4 |  938.5 |
       Dungeon |   3754 |   3657 |     97 |    698 |   2412 |   4 |  938.5 |
               +--------+--------+--------+--------+--------+-----+--------+

Top non-repeatable levels by time:
     D:2: 1382 daAuts
     D:1: 913 daAuts
     D:3: 856 daAuts
     D:4: 601 daAuts
